 Dungeon Crawl Stone Soup version 0.20-a0-893-g832831a (webtiles) character file.

3267 George the Carver (level 9, -3/79 HPs)
             Began as a Minotaur Fighter on Mar 16, 2017.
             Was a Believer of Wu Jian.
             Slain by a two-headed ogre
             ... wielding a +0 dire flail
              (12 damage)
             ... on level 8 of the Dungeon.
             The game lasted 00:15:03 (6660 turns).

George the Carver (Minotaur Fighter)                Turns: 6660, Time: 00:15:04

Health: -3/79      AC: 14    Str: 22    XL:     9   Next: 68%
Magic:  8/8        EV:  9    Int:  5    God:    Wu Jian [**....]
Gold:   352        SH:  2    Dex: 12    Spells: 5/8 levels left

rFire    . . .     SeeInvis +   a - +0 long sword
rCold    + . .     Gourm    .   z - +3 scale mail {rC+}
rNeg     + . .     Faith    .   (no shield)
rPois    .         Spirit   .   (helmet restricted)
rElec    .         Reflect  +   (no cloak)
rCorr    .         Harm     .   s - +0 pair of gloves
MR       .....                  r - +1 pair of boots
Stlth    ..........             y - +2 amulet of reflection
Regen    0.3/turn               m - ring of positive energy
MPRegen  0.2/turn               M - ring of see invisible (curse)

@: no status effects
A: retaliatory headbutt, horns 2
a: Renounce Religion


You were on level 8 of the Dungeon.
You worshipped Wu Jian.
Wu Jian was pleased with you.
You were not hungry.

You visited 2 branches of the dungeon, and saw 9 of its levels.

You collected 352 gold pieces.

Inventory:

Hand Weapons
 a - a +0 long sword (weapon)
 b - the +9 shortbow of Ipeurch {speed, +Inv Int+4 Dex+2}
   (You found it on level 4 of the Dungeon)

   Attacks with this weapon are significantly faster.
   It affects your intelligence (+4).
   It affects your dexterity (+2).
   It lets you turn invisible.
Missiles
 B - 3 throwing nets (quivered)
 D - 120 arrows
Armour
 c - a +0 shield
 r - a +1 pair of boots (worn)
 s - a +0 pair of gloves (worn)
 z - a +3 scale mail of cold resistance (worn)
Jewellery
 g - an uncursed ring of protection from cold
 m - a ring of positive energy (right hand)
 y - a +2 amulet of reflection (around neck)
 M - a cursed ring of see invisible (left hand)
 R - an uncursed ring of protection from cold
Wands
 o - a wand of flame (21/48)
 u - a wand of digging (8/24)
 Q - a wand of confusion (41/48)
Scrolls
 h - 2 scrolls of magic mapping {unknown}
 i - 2 scrolls of blinking {unknown}
 j - 5 scrolls of identify {unknown}
 l - a scroll of remove curse {unknown}
 n - 2 scrolls of fog {unknown}
 p - 3 scrolls of teleportation {unknown}
 v - 3 scrolls of enchant weapon {unknown}
 A - 2 scrolls of enchant armour {unknown}
 G - a scroll of amnesia {unknown}
 I - 2 scrolls of random uselessness {unknown}
 K - 2 scrolls of recharging {unknown}
Potions
 d - a potion of might
 e - a potion of cancellation {unknown}
 k - 3 potions of curing {unknown}
 q - a potion of resistance {unknown}
 t - 2 potions of lignification {unknown}
 w - a potion of flight {unknown}
 x - a potion of ambrosia {unknown}
 C - a potion of berserk rage {unknown}
 E - a potion of mutation {unknown}
 F - a potion of degeneration {unknown}
 H - a potion of magic {unknown}
 L - a potion of heal wounds {unknown}
 N - a potion of brilliance {unknown}
Comestibles
 f - 5 bread rations
 J - a meat ration
 O - 3 chunks of flesh
 P - 4 fruits


   Skills:
 + Level 7.4 Fighting
 + Level 10.8 Long Blades
 + Level 5.7 Bows
 + Level 7.8 Armour
 - Level 6.2 Shields


You had 5 spell levels left.
You knew the following spells:

 Your Spells              Type           Power        Failure   Level  Hunger
a - Regeneration          Chrm/Necr      #.........   100%        3    ####...


Dungeon Overview and Level Annotations

Branches:
Dungeon (8/15)             Temple (1/1) D:4
   Lair: D:8-11

Altars:
Ashenzari
Cheibriados
Dithmenos
Elyvilon
Fedhas
Gozag
Hepliaklqana
Kikubaaqudgha
Makhleb
Nemelex Xobeh
Okawaru
Qazlal
Ru
Sif Muna
Trog
Uskayaw
Vehumet
Wu Jian
Yredelemnul
Zin
The Shining One


Innate Abilities, Weirdness & Mutations

You reflexively headbutt those who attack you in melee.
You have a pair of horns on your head.


Message History

You spin and attack the two-headed ogre.
You slash the two-headed ogre! You headbutt the two-headed ogre!
The two-headed ogre is severely wounded.
The two-headed ogre hits you with a dire flail.
* * * LOW HITPOINT WARNING * * *
The two-headed ogre hits you with a giant spiked club!
* * * LOW HITPOINT WARNING * * *
You spin and attack the two-headed ogre repeatedly!
You hit the two-headed ogre but do no damage.
You headbutt the two-headed ogre.
The two-headed ogre is almost dead.
You slash the two-headed ogre!
The two-headed ogre is almost dead.
You spin and attack the two-headed ogre.
You hit the two-headed ogre.
The two-headed ogre is almost dead.
The two-headed ogre hits you with a dire flail.
* * * LOW HITPOINT WARNING * * *
The two-headed ogre hits you with a giant spiked club!
You die...

#....#..............#
#....#.............
#....###'####.......#
#....##.........#....
#.............# ..
#.............# ..
####............. ..
#.........####... ..
#...O@....# ... ..
#...(.....# .. ..
#...(.....# ..
#...(........ ..
#...((....... ..
#...((....... .#
#...(......$.
#.......#'###
#.......#.#


You could see a two-headed ogre.

Vanquished Creatures
  The ghost of George the Severer, a novice HOFi (D:8)
  The ghost of dvd the Gusty, a novice TeAE of Ru (D:6)
  A hippogriff (D:8)
  Edmund (D:3)
  An orc warrior (D:8)
  2 sky beasts
  A phantom (D:7)
  2 black bears (D:6)
  2 ogres
  2 bullfrogs (D:7)
  A big kobold (D:7)
  4 scorpions
  A howler monkey (D:6)
  3 crimson imps
  A centaur zombie (D:8)
  A quasit (D:6)
  A hound (D:8)
  2 centaur skeletons (D:6)
  A jelly (D:5)
  A bullfrog skeleton (D:5)
  3 orc priests
  2 iguanas (D:7)
  7 orc wizards
  5 worker ants
  2 hound skeletons
  3 gnolls
  A howler monkey skeleton (D:8)
  13 adders
  A shadow imp (D:5)
  An ooze (D:3)
  An adder skeleton (D:6)
  2 dart slugs (D:2)
  3 leopard geckos
  12 orcs
  7 giant cockroaches
  4 hobgoblins
  8 jackals
  4 quokkas
  9 bats
  4 frilled lizards
  6 goblins
  A jackal skeleton (D:5)
  15 kobolds
  A leopard gecko zombie (D:7)
  A quokka skeleton (D:5)
  9 rats
155 creatures vanquished.

Notes
Turn   | Place    | Note
-------+----------+-------------------------------------------
     0 | D:1      | George the Minotaur Fighter began the quest for the Orb.
     0 | D:1      | Reached XP level 1. HP: 19/19 MP: 0/0
    44 | D:1      | Reached skill level 3 in Long Blades
   175 | D:1      | Reached XP level 2. HP: 24/26 MP: 1/1
   572 | D:2      | Reached skill level 4 in Long Blades
   726 | D:2      | Found an opulent altar of Gozag.
   727 | D:2      | Found a glowing silver altar of Zin.
   780 | D:2      | Reached XP level 3. HP: 15/31 MP: 2/2
  1173 | D:2      | Reached skill level 5 in Long Blades
  1355 | D:2      | Found a shattered altar of Ashenzari.
  1422 | D:2      | Reached XP level 4. HP: 39/39 MP: 3/3
  1893 | D:3      | Found a shadowy altar of Dithmenos.
  2106 | D:3      | Found a hazy altar of Hepliaklqana.
  2147 | D:4      | Noticed an ogre
  2153 | D:4      | Killed an ogre
  2153 | D:4      | Reached skill level 7 in Long Blades
  2153 | D:4      | Reached XP level 5. HP: 8/45 MP: 4/4
  2441 | D:4      | Found a sparkling altar of Nemelex Xobeh.
  2509 | D:4      | Found a burning altar of Makhleb.
  2509 | D:4      | Noticed a green death
  2512 | D:4      | Noticed a hellwing
  2512 | D:4      | Noticed an orange demon
  2572 | D:4      | Found a radiant altar of Vehumet.
  2572 | D:4      | Found a stormy altar of Qazlal.
  2573 | D:4      | Found an iron altar of Okawaru.
  2574 | D:4      | Found a deep blue altar of Sif Muna.
  2680 | D:4      | Noticed Edmund
  2935 | D:3      | Reached XP level 6. HP: 49/51 MP: 5/5
  3244 | D:3      | Killed Edmund
  3244 | D:3      | Reached skill level 8 in Long Blades
  3464 | D:4      | Found a staircase to the Ecumenical Temple.
  3489 | Temple   | Entered the Ecumenical Temple
  3554 | Temple   | Became a worshipper of the Wu Jian Council
  3815 | D:4      | Got a polished shortbow
  3821 | D:4      | Identified the +9 shortbow of Ipeurch {speed, +Inv Int+4 Dex+2} (You found it on level 4 of the Dungeon)
  4188 | D:5      | Entered Level 5 of the Dungeon
  4191 | D:5      | Got a heavily jewelled robe
  4202 | D:5      | Identified the +1 robe "Lychotuell" {rF+ rCorr Dex-4} (You found it on level 5 of the Dungeon)
  4321 | D:5      | You fall through a shaft!
  4321 | D:6      | Noticed dvd's ghost (novice TeAE)
  4343 | D:6      | Reached XP level 7. HP: 38/58 MP: 6/6
  4366 | D:6      | Killed dvd's ghost
  4366 | D:6      | Reached skill level 9 in Long Blades
  4366 | D:6      | Reached skill level 1 in Bows
  4956 | D:6      | Reached XP level 8. HP: 67/67 MP: 7/7
  5139 | D:5      | Reached skill level 5 in Armour
  5143 | D:5      | Reached skill level 5 in Shields
  5145 | D:5      | Reached skill level 5 in Fighting
  5353 | D:5      | Reached * piety under Wu Jian
  5611 | D:6      | Found a bloodstained altar of Trog.
  5874 | D:7      | Reached skill level 10 in Long Blades
  6054 | D:7      | Reached XP level 9. HP: 75/75 MP: 8/8
  6067 | D:7      | Learned a level 3 spell: Regeneration
  6150 | D:7      | Found a hide-covered altar of Uskayaw.
  6518 | D:8      | Reached ** piety under Wu Jian
  6579 | D:8      | Reached skill level 5 in Bows
  6635 | D:8      | Noticed George's ghost (novice HOFi)
  6639 | D:8      | Noticed a two-headed ogre
  6654 | D:8      | Killed George's ghost
  6660 | D:8      | Slain by a two-headed ogre

Vault maps used:
D:1:      mrwooster_arrival_statue_3
D:2:      grunt_temple_overflow_gold_and_silver, old_standard_altar,
          minmay_misc_feat_room
D:3:      lemuel_coloured_pillars_altar,
          nicolae_dithmenos_through_a_glass_darkly, first_bread
D:4:      nemelex_xobeh_ov_fountains_minmay, grunt_temple_overflow_open,
          minmay_temple_entry_nine_rooms, makhleb_altar_promises_db, uniq_edmund
D:6:      trog_ov_bears_minmay
D:7:      lemuel_crystal_altar
Temple:   jpeg_temple_island

Skill      XL: |  1  2  3  4  5  6  7  8  9 |
---------------+----------------------------+-----
Long Blades    | 3 4 5 7 8 9 10 | 10.8
Fighting       | 4 6 7 |  7.4
Bows           | 2 4 5 |  5.7
Armour         | 4 6 7 |  7.8
Shields        | 4 6 |  6.2

Action                   |  1- 3 |  4- 6 |  7- 9 || total
-------------------------+-------+-------+-------++-------
Melee: Long sword        |   105 |   139 |    90 ||   334
       Headbutt          |     9 |    23 |    20 ||    52
 Fire: Shortbow          |       |    14 |   174 ||   188
  Use: Potion            |       |       |     1 ||     1
  Eat: Chunk             |     2 |     4 |     4 ||    10
       Royal jelly       |       |     2 |       ||     2
       Bread ration      |       |       |     1 ||     1
Armor: Scale mail        |    53 |    64 |    44 ||   161
Dodge: Dodged            |    25 |    31 |    28 ||    84
Block: Shield            |    62 |    77 |       ||   139
       Other             |       |     2 |     5 ||     7
       Reflection        |       |     2 |     1 ||     3
       Rpst.: Long sword |    10 |     6 |    12 ||    28
